Map: Simulacrum LE

Players

Serral - Winner!

  • Race: Zerg Zerg
  • Spawn Location: 11:00

Dream

  • Race: Terran Terran
  • Spawn Location: 5:00

Event: StayAtHomestory Cup #1

VOD

Have the link to the VOD?

Description

Time

  • Played on: April 10, 2020, 8:38 a.m.
  • Length: 15:35
Show
View Real Time Build Order
Export as new Build Order

Serral Zerg - Winner!

Build Orders: Hatch First, Swarm Host 

Get SALT Encoding   

  12  0:00  Drone  
  13  0:12  Overlord  
  13  0:18  Drone  
  14  0:31  Drone x2  
  16  0:48  Hatchery  
  15  0:51  Drone  
  15  0:55  Drone  
  17  0:59  Drone  
  18  1:11  Extractor  
  17  1:15  Spawning Pool  
  17  1:18  Drone  
  17  1:21  Drone  
  18  1:28  Drone  
  19  1:38  Drone  
  20  1:49  Overlord  
  20  2:01  Queen x2  
  20  2:02  Zergling x4  
  26  2:10  Drone  
  26  2:11  Drone  
  26  2:13  Metabolic Boost  
  28  2:21  Drone  
  28  2:22  Drone  
  30  2:36  Hatchery  
  29  2:41  Drone  
  30  2:45  Queen  
  30  2:50  Overlord  
  32  2:53  Drone  
  32  2:55  Drone  
  32  2:57  Drone  
  35  3:00  Drone  
  36  3:13  Drone x2  
  36  3:14  Drone  
  36  3:15  Drone  
  36  3:16  Overlord  
  40  3:21  Drone x2  
  40  3:23  Queen  
  44  3:29  Roach Warren  
  44  3:31  Extractor  
  42  3:36  Drone x2  
  42  3:37  Drone  
  45  3:43  Drone x3  
  45  3:45  Overlord  
  48  3:48  Drone  
  48  3:51  Overlord  
  48  3:54  Zergling x4  
  51  3:56  Zergling x2  
  51  4:00  Overlord  
  52  4:11  Roach x4  
  52  4:13  Roach  
  52  4:16  Roach  
  66  4:17  Roach  
  66  4:20  Roach  
  66  4:23  Drone x2  
  69  4:34  Zergling x10  
  69  4:38  Drone x2  
  73  4:40  Drone  
  73  4:42  Drone  
  73  4:44  Queen  
  75  4:49  Lair  
  75  4:50  Drone  
  75  4:52  Extractor, Drone  
  76  4:57  Drone x3  
  79  5:01  Ravager  
  79  5:04  Drone x2  
  79  5:06  Overlord  
  81  5:08  Overlord  
  81  5:10  Overlord  
  81  5:19  Roach x2  
  81  5:23  Overlord  
  81  5:25  Drone  
  81  5:26  Drone x2  
  81  5:27  Overlord  
  81  5:28  Extractor, Drone x4  
  87  5:32  Ravager x2, Drone x2  
  87  5:33  Drone x2  
  87  5:35  Drone  
  94  5:39  Drone  
  94  5:41  Spore Crawler  
  94  5:42  Spore Crawler  
  91  5:43  Spore Crawler, Drone  
  91  5:46  Drone, Evolution Chamber  
  91  5:48  Drone  
  91  5:49  Drone x2  
  93  5:51  Zergling x2  
  93  5:53  Glial Reconstitution  
  93  5:55  Zergling x4  
  95  5:59  Drone x2  
  95  6:00  Drone  
  96  6:07  Spire  
  96  6:11  Queen  
  93  6:12  Spore Crawler  
  93  6:14  Extractor x2  
  93  6:15  Drone x4  
  93  6:18  Drone x2  
  96  6:20  Zerg Missile Weapons Level 1  
  96  6:22  Drone  
  96  6:24  Spore Crawler  
  96  6:28  Drone  
  96  6:29  Drone x3  
  98  6:38  Roach x2  
  102  6:41  Queen x2  
  102  6:46  Drone  
  102  6:47  Drone  
  107  6:52  Spore Crawler  
  107  6:57  Roach x3  
  111  7:03  Roach x3  
  113  7:09  Overlord  
  113  7:11  Overlord x2  
  113  7:12  Overlord x2  
  113  7:13  Overlord  
  113  7:15  Overlord  
  110  7:31  Corruptor x5  
  110  7:36  Hatchery  
  119  7:40  Corruptor x3  
  121  7:48  Corruptor x2  
  125  7:54  Roach x4  
  133  7:59  Corruptor  
  133  8:05  Roach x5  
  143  8:10  Overlord  
  143  8:13  Ravager  
  143  8:14  Ravager x5  
  143  8:17  Ravager  
  143  8:18  Zergling x12  
  156  8:24  Zergling x10  
  156  8:26  Overseer  
  161  8:33  Overlord x2  
  161  8:36  Ravager  
  161  8:37  Ravager  
  161  8:38  Roach x3  
  169  8:46  Ravager  
  170  8:49  Roach x3  
  171  8:57  Roach x7  
  171  9:01  Roach  
  171  9:02  Roach  
  188  9:12  Roach x2  
  164  9:26  Roach  
  164  9:27  Roach x13  
  179  9:31  Roach x3  
  169  9:41  Roach x5  
  164  9:45  Roach  
  142  10:00  Extractor x2  
  140  10:10  Drone x3  
  140  10:11  Nydus Network, Drone  
  140  10:13  Drone x3, Zerg Melee Weapons Level 1  
  140  10:15  Drone  
  140  10:17  Drone x3, Baneling Nest  
  140  10:19  Ravager x5  
  148  10:25  Corruptor  
  148  10:27  Corruptor  
  152  10:32  Corruptor  
  154  10:38  Overlord  
  154  10:39  Pneumatized Carapace  
  154  10:44  Infestation Pit  
  154  10:46  Hatchery  
  154  10:48  Corruptor  
  154  10:54  Drone x2  
  154  10:55  Spore Crawler  
  154  10:56  Spine Crawler  
  154  11:04  Centrifical Hooks  
  154  11:05  Zergling x18  
  161  11:19  Overlord  
  161  11:22  Swarm Host x8  
  185  11:27  Swarm Host  
  185  11:28  Swarm Host  
  191  11:35  Overlord x2  
  191  11:38  Swarm Host x2  
  197  11:45  Evolution Chamber  
  196  11:47  Hive  
  196  11:51  Spore Crawler  
  196  11:52  Extractor x2  
  193  11:54  Spine Crawler  
  193  11:56  Nydus Canal  
  186  12:04  Zergling x16  
  186  12:05  Zergling x10  
  197  12:11  Nydus Canal  
  193  12:19  Drone x5  
  193  12:20  Drone  
  199  12:28  Nydus Canal  
  193  12:31  Zerg Melee Weapons Level 2  
  193  12:32  Zerg Missile Weapons Level 2  
  188  12:40  Zergling x20  
  196  12:46  Baneling  
  196  12:47  Ravager x3  
  196  12:48  Baneling x6  
  196  12:49  Baneling x4  
  199  12:56  Nydus Canal  
  199  13:00  Adrenal Glands  
  199  13:01  Greater Spire  
  176  13:37  Zergling x42  
  175  13:44  Zergling x10  
  175  13:45  Zergling x2  
  188  13:50  Pathogen Glands  
  188  13:52  Ravager x2  
  188  13:55  Infestor x4  
  198  13:59  Corruptor x4  
  196  14:07  Drone  
  196  14:08  Drone x6  
  194  14:13  Drone x2  
  194  14:14  Drone  
  194  14:15  Nydus Canal  
  197  14:21  Baneling x3  
  197  14:22  Baneling x6  
  197  14:26  Corruptor  
  197  14:29  Baneling x5  
  199  14:41  Baneling  
  199  14:42  Overlord  
  199  14:44  Baneling  
  192  14:53  Overlord  
  192  14:56  Overlord  
  177  15:08  Zergling x26  
  177  15:12  Zergling x8  
  177  15:13  Zergling x14  
Show
View Real Time Build Order
Export as new Build Order

Dream Terran 

Build Orders: Hellion Opening, Reaper Expand, Mech 

Get SALT Encoding   

  12  0:00  SCV  
  13  0:13  SCV  
  14  0:17  Supply Depot  
  14  0:25  SCV  
  15  0:38  SCV  
  15  0:40  Barracks  
  16  0:43  Refinery  
  16  0:51  SCV  
  17  1:03  SCV  
  18  1:15  SCV  
  19  1:27  Orbital Command, Reaper  
  20  1:39  Command Center  
  20  1:51  Supply Depot  
  20  1:53  SCV  
  21  1:59  Marine  
  22  2:05  SCV  
  22  2:06  Factory  
  23  2:12  Refinery  
  23  2:17  SCV  
  23  2:20  Barracks Reactor  
  25  2:30  SCV  
  25  2:43  SCV  
  26  2:52  Starport, Orbital Command  
  26  2:55  SCV  
  27  3:02  Hellion x2  
  31  3:07  SCV  
  32  3:19  SCV  
  33  3:20  SCV  
  33  3:23  Hellion  
  33  3:24  Hellion  
  38  3:28  Fusion Core  
  38  3:31  SCV  
  38  3:32  SCV  
  40  3:42  Starport Tech Lab  
  40  3:43  Supply Depot  
  40  3:44  SCV  
  40  3:45  Hellion x2  
  40  3:47  SCV  
  46  4:02  Supply Depot  
  46  4:05  SCV x2  
  46  4:07  Command Center  
  48  4:17  SCV  
  48  4:23  SCV  
  56  4:24  Battlecruiser  
  56  4:29  SCV  
  57  4:32  Hellion  
  57  4:33  Hellion  
  57  4:35  SCV  
  55  4:42  Marine  
  55  4:45  SCV  
  51  4:46  Bunker  
  51  4:48  SCV  
  52  4:53  Bunker, Hellion  
  52  4:54  Hellion  
  52  4:57  SCV  
  57  5:00  SCV  
  58  5:08  Supply Depot  
  58  5:09  SCV  
  57  5:14  Hellion  
  57  5:16  Hellion  
  57  5:19  SCV  
  59  5:21  Orbital Command  
  59  5:29  Engineering Bay  
  59  5:33  SCV x2  
  61  5:36  Hellion  
  61  5:40  Battlecruiser  
  69  5:45  Refinery  
  69  5:46  Refinery  
  69  5:50  Supply Depot  
  69  5:54  Orbital Command  
  69  6:02  Supply Depot  
  69  6:03  Supply Depot  
  69  6:04  Factory  
  69  6:05  Factory  
  69  6:12  Hellion x2  
  69  6:13  SCV x2  
  75  6:21  SCV  
  75  6:25  SCV x2  
  78  6:29  Refinery x2  
  78  6:33  SCV  
  78  6:34  Supply Depot  
  78  6:37  SCV  
  80  6:42  SCV  
  80  6:44  Battlecruiser  
  80  6:45  SCV  
  88  6:50  SCV  
  88  6:54  SCV, Hellion  
  91  6:59  Factory Tech Lab  
  91  7:00  SCV, Factory Tech Lab  
  90  7:02  SCV  
  88  7:08  SCV  
  88  7:12  SCV  
  88  7:14  Hellion  
  88  7:15  Hellion  
  90  7:18  SCV  
  90  7:20  Siege Tank x2  
  90  7:21  SCV  
  98  7:29  SCV  
  99  7:30  SCV  
  99  7:32  Engineering Bay  
  99  7:33  Supply Depot x2  
  99  7:37  SCV  
  101  7:43  Armory  
  101  7:44  Weapon Refit  
  101  7:54  SCV, Siege Tank x2  
  108  8:02  Supply Depot  
  109  8:05  SCV, Supply Depot  
  109  8:06  Missile Turret  
  109  8:16  Armory  
  109  8:20  Supply Depot  
  109  8:21  Supply Depot  
  109  8:24  SCV x2, Missile Turret  
  111  8:27  SCV  
  111  8:32  Siege Tank  
  118  8:35  Cyclone, Mag-Field Accelerator  
  118  8:36  SCV  
  118  8:38  SCV, Terran Vehicle Weapons Level 1  
  118  8:40  SCV, Factory  
  121  8:56  Hellion x2  
  125  9:03  Supply Depot x2  
  125  9:05  Factory  
  125  9:09  Siege Tank  
  109  9:31  Cyclone x2  
  94  9:34  SCV x2  
  94  9:36  Orbital Command  
  89  9:42  Hellion  
  64  9:53  SCV x2  
  64  9:59  Hellion  
  65  10:03  SCV  
  66  10:08  Siege Tank  
  66  10:12  SCV  
  71  10:14  SCV  
  71  10:17  Siege Tank  
  74  10:22  Terran Vehicle And Ship Armor Level 1  
  74  10:23  Siege Tank  
  74  10:24  SCV x2  
  79  10:32  Factory Reactor  
  79  10:33  Hellion x2  
  79  10:34  SCV  
  84  10:36  SCV x2  
  84  10:38  Terran Vehicle Weapons Level 2  
  86  10:44  Siege Tank  
  86  10:45  Supply Depot  
  86  10:46  Infernal Pre-Igniter  
  86  10:47  SCV  
  86  10:49  Siege Tank  
  94  10:50  SCV x2  
  95  10:58  Hellion x2  
  95  10:59  SCV  
  95  11:02  SCV x2  
  102  11:11  SCV  
  103  11:13  Command Center, Siege Tank  
  103  11:14  SCV x2  
  103  11:16  Siege Tank  
  103  11:17  Missile Turret  
  111  11:19  Hellion  
  111  11:20  Hellion  
  111  11:25  Supply Depot x2  
  116  11:29  Supply Depot  
  115  11:33  Cyclone  
  115  11:35  Hellion x2  
  122  11:44  Hellion x2  
  122  11:45  Cyclone  
  122  11:46  Supply Depot  
  129  11:57  Factory  
  129  11:58  Factory  
  129  12:00  Factory  
  127  12:04  Cyclone  
  127  12:05  Cyclone  
  127  12:07  Hellion  
  133  12:08  Starport Tech Lab  
  132  12:18  Cyclone  
  130  12:31  Battlecruiser  
  130  12:32  Hellion x3  
  130  12:33  Hellion  
  130  12:36  Cyclone  
  147  12:38  Cyclone  
  147  12:45  Factory Tech Lab  
  147  12:46  Factory Tech Lab  
  145  12:53  Terran Vehicle And Ship Armor Level 2  
  145  12:55  Terran Ship Weapons Level 1, Factory  
  145  13:00  Starport  
  145  13:04  SCV x3  
  148  13:08  Hellion x2  
  152  13:16  Cyclone x2  
  152  13:17  Planetary Fortress  
  152  13:19  Refinery  
  158  13:21  Refinery  
  140  13:36  Cyclone  
  140  13:37  Cyclone x2  
  140  13:39  Hellion  
  119  13:48  Cyclone  
  118  13:52  Starport Tech Lab  
  118  13:55  Battlecruiser  
  124  13:56  SCV x3  
  124  13:58  Orbital Command  
  124  13:59  Hellion  
  124  14:00  Hellion  
  124  14:01  SCV  
  128  14:10  SCV x2  
  128  14:15  SCV  
  120  14:20  Battlecruiser  
  126  14:35  Cyclone  
  129  14:39  Cyclone x2  
  129  14:40  Cyclone  
  129  14:43  Cyclone  
  141  14:48  Orbital Command  
  130  14:54  Hellion x3  
Tags
 
Add a new tag
Caveats
  • Supply blocks, unpowered buildings, or Contaminate may cause inaccurate times.
  • Supply counts are checked every 10 seconds.